cohdb
Replays
Latest Replays
All Replays
Popular Replays
Top Player Replays
Match Explorer
How It Works
Community
CoH3 Stats
Reddit
Sign in to upload your games and track your stats! →
Sign in with Steam
Match 40825541
Unlisted
Match 40825541
Overview
Messages
Build Orders
End
Construct Section Command Post
Dingo Light Scout Car
Infantry Section
Infantry Section
Infantry Section
Construct Platoon Command Post
Unlock M3 Stuart Light Tanks
Infantry Section
Vickers Machine Gun Team
M3 Stuart Light Tank
6-pounder Anti-tank Gun Team
Construct Field Infirmary
Selects Indian Artillery Battlegroup
Selects Artillery Saturation
Selects Off-map Airburst Barrage
Selects BL5.5 Artillery Emplacement
Off-map Airburst Barrage
6-pounder Anti-tank Gun Team
Construct Company Command Post
Selects Valour
Selects Gurkha Rifles Section
Unlock M3 Grant Medium Tanks
Foot Guards Section
Off-map Airburst Barrage
カルト_くん
Rechter Winkel
6block
Monseigneur
TURTLE LEONID
el campo
THE DESERT RAT
MaXiS
0
0
Comments
sign in to comment!
No comments posted yet!